 Dungeon Crawl Stone Soup version 0.31-a0-963-ga325b2283a (webtiles) character file.

Game seed: 12677040622129961117

43 Ahpoh the Trooper (level 3, 0/30 HPs)
             Began as a Barachi Fighter on Oct 24, 2023.
             Slain by a hobgoblin (2 damage)
             ... on level 2 of the Dungeon.
             The game lasted 00:01:50 (1092 turns).

Ahpoh the Trooper (Barachi Fighter)                 Turns: 1092, Time: 00:01:51

Health: 0/30       AC:  7    Str: 17    XL:     3   Next: 58%
Magic:  3/3        EV:  9    Int:  8    God:
Gold:   50         SH:  5    Dex: 13    Spells: 2/2 levels left

rFire   . . .        a - +0 long sword
rCold   . . .        c - +0 buckler
rNeg    . . .        b - +0 scale mail
rPois   .            (no helmet)
rElec   .            (no cloak)
rCorr   .            (no gloves)
SInv    .            (no boots)
Will    .....        (no amulet) Stlth
                     (no ring)
HPRegen 0.25/turn    (no ring)
MPRegen 0.08/turn

%: no passive effects
@: mighty, unable to hop, slow
A: amphibious, slowness 1, strong legs 1, +LOS
a: Hop


You were on level 2 of the Dungeon.
You visited 1 branch of the dungeon, and saw 2 of its levels.

You collected 50 gold pieces.

Inventory:

Hand Weapons
 a - a +0 long sword (weapon)
Armour
 b - a +0 scale mail (worn)
 c - a +0 buckler (worn)
Scrolls
 e - a scroll of amnesia {unknown}
 f - a scroll of identify {unknown}
 g - a scroll of teleportation {unknown}
 h - a scroll of immolation
 i - a scroll of poison {unknown}
 j - a scroll of revelation {unknown}
Potions
 d - a potion of heal wounds {unknown}


   Skills:
 + Level 4.2 Fighting
 + Level 3.0 Long Blades
 + Level 4.0 Armour
 + Level 0.6 Dodging
 + Level 3.7 Shields


You had 2 spell levels left.
You didn't know any spells.
Your spell library was empty.

Dungeon Overview and Level Annotations

Branches:
Dungeon (2/15)

Altars:


Innate Abilities, Weirdness & Mutations

You are amphibious.
You cover ground slowly.
You can hop short distances.
You have an extended range of vision and can be seen from far away.


Message History

You hit the frilled lizard.
You kill the frilled lizard!
The gnoll barely misses you.
You slash the gnoll!
The gnoll is severely wounded.
The gnoll hits you but does no damage.
You hit the gnoll but do no damage.
The gnoll is severely wounded.
A hobgoblin comes into view.
The gnoll hits you but does no damage.
The hobgoblin shouts!
You slash the gnoll!
You kill the gnoll!
You hear a shout!
The gnoll closely misses you.
Your Long Blades skill increases to level 3!
A kobold comes into view. It is wielding a +0 club.
The kobold shouts!
The gnoll hits you with a +0 halberd! x2; The kobold moves out of view.
You slash the gnoll!
The gnoll is almost dead.
You block the gnoll's attack.
You hit the gnoll but do no damage.
The gnoll is almost dead.
The hobgoblin hits you. The gnoll hits you with a +0 halberd!
* * * LOW HITPOINT WARNING * * *
You feel very mighty all of a sudden. The hobgoblin hits you.
* * * LOW HITPOINT WARNING * * *
The gnoll closely misses you.
Hop to where?
Press: ? - help, Dir - move target Boing!
Your legs are too worn out to hop.
You aren't carrying any potions.
The gnoll closely misses you.
You see here a blue potion.
d - a blue potion The hobgoblin hits you.
You die...

........<# #.....#.# #.#
......#### #.....#.# #.#
.....)# #.....#.# #.#
......# ..... #.# #.#
......#####... #.# #.#
.............. #.# #.#
..........########.#####
#.# #####..####
#.>........# #.# ..##
#...@......# #.# ..##
#...g.†....########.#
.##
#....g.).....)......# .#
#.....K....########## #.
#..........# .
######'#.### #.#.# ....#
.....#


You could see a gnoll, a hobgoblin and a kobold.

Vanquished Creatures
  A gnoll (D:2)
  3 ball pythons
  A bat (D:1)
  2 endoplasms (D:1)
  A giant cockroach (D:1)
  2 goblins (D:2)
  3 hobgoblins (D:1)
  3 jackals (D:1)
  4 kobolds (D:1)
  2 quokkas (D:1)
  5 frilled lizards
  3 rats (D:1)
30 creatures vanquished.

Notes
Turn   | Place    | Note
-------+----------+-------------------------------------------
     0 | D:1      | Ahpoh the Barachi Fighter began the quest for the Orb.
     0 | D:1      | Reached XP level 1. HP: 18/18 MP: 1/1
   176 | D:1      | Reached XP level 2. HP: 22/25 MP: 2/2
   240 | D:1      | Found a faded altar of an unknown god.
   681 | D:1      | Reached XP level 3. HP: 27/30 MP: 3/3
  1089 | D:2      | HP: 1/30 [hobgoblin (4)]
  1092 | D:2      | Slain by a hobgoblin

Illustrated notes

Levels and vault maps discovered:
D:1:      shiori_arrival_oz, layout_loops_ring,
          hellmonk_ecumenical_altar_blasted
D:2:      layout_basic

Skill      XL: |  1  2  3 |
---------------+----------+-----
Fighting       | 4 |  4.2
Armour         | 4 |  4.0
Long Blades    | 3 |  3.0
Dodging        | |  0.6
Shields        | |  3.7

Action                     || total
---------------------------++-------
  Melee: Long sword        ||    83
Ability: Hop               ||     1
    Use: Potion            ||     1
 Armour: Scale mail        ||    88
  Dodge: Dodged            ||    39
  Block: Buckler           ||    21

Table legend: (Time is in decaauts)
 A = Elapsed time spent in this place.
 B = Non-inter-level travel time spent in this place.
 C = Inter-level travel time spent in this place.
 D = Time resting spent in this place.
 E = Time spent auto-exploring this place.
 F = Levels seen in this place.
 G = Mean time per level.
                   A        B        C        D        E       F      G
               +--------+--------+--------+--------+--------+-----+--------+
         Total |   1289 |   1275 |     14 |     53 |    884 |   2 |  644.5 |
       Dungeon |   1289 |   1275 |     14 |     53 |    884 |   2 |  644.5 |
               +--------+--------+--------+--------+--------+-----+--------+

Top non-repeatable levels by time:
     D:1: 1102 daAuts
     D:2: 186 daAuts
